 Dungeon Crawl Stone Soup version 0.27.1-37-g7b29ead8ac (console) character file.

Game seed: 9663569779164139660

139 grimtooth the Chiller (level 4, -1/33 HPs)
             Began as a Demigod Ice Elementalist on Apr 13, 2023.
             Slain by Pikel (5 damage)
             ... on level 4 of the Dungeon.
             The game lasted 00:12:30 (4389 turns).

grimtooth the Chiller (Demigod Ice Elementalist)    Turns: 4389, Time: 00:12:31

Health: -1/33      AC:  9    Str:  9    XL:     4   Next: 70%
Magic:  12/18      EV: 12    Int: 21    God:
Gold:   144        SH:  0    Dex: 14    Spells: 2/6 levels left

rFire    . . .     SeeInvis .   i - +0 short sword
rCold    . . .     Faith    .   (no shield)
rNeg     . . .     Spirit   .   a - +0 robe
rPois    +         Reflect  .   (no helmet)
rElec    .         Harm     .   (no cloak)
rCorr    .         Rampage  .   (no gloves)
Will     .....                  (no boots)
Stlth    ++........             (no amulet)
HPRegen  0.11/turn              f - ring of magical power
MPRegen  0.16/turn              c - ring of poison resistance

@: ice-armoured
A: high mp 1, forlorn
a: no special abilities


You were on level 4 of the Dungeon.
You visited 1 branch of the dungeon, and saw 4 of its levels.

You collected 144 gold pieces.

Inventory:

Hand Weapons
 i - a +0 short sword (weapon)
Missiles
 d - 50 stones (quivered)
 m - 45 sling bullets
 p - 14 poisoned darts
Armour
 a - a +0 robe (worn)
Jewellery
 c - a ring of poison resistance (right hand)
 f - a ring of magical power (left hand)
Scrolls
 h - 2 scrolls of magic mapping
 k - a scroll of amnesia {unknown}
 l - a scroll of vulnerability {unknown}
 o - a scroll of holy word {unknown}
Potions
 b - a potion of lignification {unknown}
 e - a potion of ambrosia
 g - a potion of haste
 j - a potion of curing
 n - a potion of cancellation {unknown}
 q - a potion of berserk rage {unknown}


   Skills:
 - Level 1.7 Dodging
 - Level 1.7 Stealth
 - Level 1.7 Spellcasting
 + Level 5.8 Ice Magic


You had 2 spell levels left.
You knew the following spells:

 Your Spells              Type           Power      Damage    Failure   Level
a - Freeze                Ice            100%       1d11      1%          1
b - Ozocubu's Armour      Ice            26%        N/A       4%          3

Your spell library contained the following spells:

 Spells                   Type           Power      Damage    Failure   Level
 Magic Dart               Conj           4%         1d3       16%         1
 Summon Small Mammal      Summ           4%         N/A       16%         1
 Searing Ray              Conj           2%         3d3       22%         2
 Frozen Ramparts          Ice            52%        1d7       4%          3
 Call Canine Familiar     Summ           1%         N/A       41%         3
 Summon Guardian Golem    Hex/Summ       1%         N/A       41%         3
 Hailstorm                Conj/Ice       14%        3d5       41%         4
 Fulminant Prism          Conj/Hex       0%         3d6       83%         4


Dungeon Overview and Level Annotations

Branches:
Dungeon (4/15)             Temple (0/1) D:4

Annotations:
D:2 Sigmund
D:4 exclusion: skeleton, Ijyb, Pikel


Innate Abilities, Weirdness & Mutations

Your attributes grow dramatically as you level up.
You have an increased reservoir of magic. (+10% MP)
You shall have no god before yourself.


Message History

Pikel is lightly wounded.
Pikel hits you with a +1 whip of electrocution!
Your icy armour will break if you move.
Continue?
Okay, then.
Casting: Freeze (safe; 1% risk of failure)
Confirm with . or Enter, or press ? or * to list all spells.
Aiming: Freeze (safe; 1% risk of failure)
Press: ? - help, Shift-Dir - straight line, f/p - Pikel
Aim: Pikel, wielding a +1 whip of electrocution, wearing a +0 robe and carrying a wand of iceblast (9) (lightly wounded)
You freeze Pikel!
Pikel is heavily wounded.
A lemure comes into view.
The hound skeleton completely misses you.
Pikel says, "You'll feel the lick of my whip!"
Pikel hits you with a +1 whip of electrocution.
Casting: Freeze (safe; 1% risk of failure)
Confirm with . or Enter, or press ? or * to list all spells.
Aiming: Freeze (safe; 1% risk of failure)
Press: ? - help, Shift-Dir - straight line, f/p - Pikel
Aim: Pikel, wielding a +1 whip of electrocution, wearing a +0 robe and carrying a wand of iceblast (9) (heavily wounded)
You freeze Pikel.
Pikel is heavily wounded.
The hound skeleton barely misses you.
Pikel hits you with a +1 whip of electrocution!
You are electrocuted!
* * * LOW HITPOINT WARNING * * *
A lemure comes into view.
As you read the scroll labelled HIN VIMESEI, it crumbles to dust.
You feel aware of your surroundings.
It was a scroll of magic mapping.
The hound skeleton barely misses you. Pikel misses you.
Casting: Freeze (safe; 1% risk of failure)
Confirm with . or Enter, or press ? or * to list all spells.
Aiming: Freeze (safe; 1% risk of failure)
Press: ? - help, Shift-Dir - straight line, f/p - Pikel
Aim: Pikel, wielding a +1 whip of electrocution, wearing a +0 robe and carrying a wand of iceblast (9) (heavily wounded)
You freeze Pikel!
Pikel is severely wounded.
The hound skeleton bites you but does no damage. x2
Pikel hits you with a +1 whip of electrocution.
You die...

### #.....# ####.#.## ###
..####.##### ##...# .......#
#..###### ....####
##......[#***** ....#
#..#####...,,,, ....# ###.##
******** ...## #.5.# ** ....#
##.########******, #####** ###**
#.5........,,,,,,, ,,,,,,**#...**
#.K5#######*******
,,,,,,**....Z*##@#.....5.,,,,,***
,,,,,,*,......#Z.########****,,,,
***,,,*,........##************,,,
***,,,*,...............,,,,,^****
***,,,**.....#########.*****,*
**,,,',.....** *,,,,,*,*
***,,,*,....,,* *****,*,*
***,,,*,...,,,* *,*,*
***,,,*,...,,,* *,*,*
,,,,,,**,,,,,** *,,,*
,,,,,,*,,,,,** *****


You could see Pikel, 3 lemures and a hound skeleton.

Vanquished Creatures
  5 adders
  A howler monkey skeleton (D:3)
  An ufetubus (D:4)
  3 worms (D:3)
  2 dart slugs (D:1)
  3 orcs (D:3)
  6 bats
  9 endoplasms
  2 goblins
  6 hobgoblins
  5 kobolds
  3 quokkas
  9 ball pythons
  A frilled lizard (D:2)
  5 rats
61 creatures vanquished.

Vanquished Creatures (others)
  5 fungi (D:3)
5 creatures vanquished.

Grand Total: 66 creatures vanquished

Notes
Turn   | Place    | Note
-------+----------+-------------------------------------------
     0 | D:1      | grimtooth the Demigod Ice Elementalist began the quest for
                  | the Orb.
     0 | D:1      | Reached XP level 1. HP: 14/14 MP: 5/5
   298 | D:1      | Reached skill level 4 in Ice Magic
   546 | D:1      | Reached XP level 2. HP: 8/20 MP: 7/7
  1488 | D:2      | Reached XP level 3. HP: 23/26 MP: 8/8
  1515 | D:2      | Learned a level 3 spell: Ozocubu's Armour
  2082 | D:2      | Noticed Sigmund
  2901 | D:3      | Reached skill level 5 in Ice Magic
  3296 | D:3      | Reached XP level 4. HP: 33/33 MP: 9/9
  4008 | D:4      | Identified the -6 cloak of the Eight Boll Weevils {-Cast
                  | +Blink rPois Str+10}
  4169 | D:4      | Found a staircase to the Ecumenical Temple.
  4252 | D:4      | Noticed Ijyb
  4339 | D:4      | Noticed a lemure
  4383 | D:4      | Noticed Pikel
  4385 | D:4      | - oh the electric pickle
  4386 | D:4      | Noticed a lemure
  4387 | D:4      | Noticed a lemure
  4389 | D:4      | Slain by Pikel

Illustrated notes

### #.....#
####.#.## ###
..####.#####
##...# .......#
#..######
....####
##......[# ....#
#..#####... ....#
###.## ...##
#...# ....#
##.######## #####
### #..........
#... #.K.#######
....Z ##@#.....5.
......#..########
........##
...............
.....#########.
..... .... ...
...


Turn 4385 on D:4: - oh the electric pickle

Levels and vault maps discovered:
D:1:      dpeg_arrival_tiny_k, layout_basic, hellmonk_ecumenical_altar_run_dry,
          serial_corexii_hall, corexii_hall_statues_l,
          chequers_hall_statues_wall_a
D:2:      layout_basic, uniq_sigmund
D:3:      layout_rooms, nicolae_ashenzari_panopticon,
          mainiacjoe_overflow_24_doors, minmay_shallow_snake_nest
D:4:      layout_rooms, mainiacjoe_overflow_tiny_flanked,
          minmay_temple_entry_grid, kennysheep_path_1, grunt_decor_fettered,
          corner_web_ring, hangedman_decor_push, uniq_pikel, uniq_ijyb

Skill      XL: |  1  2  3 |
---------------+----------+-----
Ice Magic      | 4 5 |  5.8
Dodging        | |  1.7
Stealth        | |  1.7
Spellcasting   | |  1.7

Action                   |  1- 3 |  4- 6 || total
-------------------------+-------+-------++-------
Melee: Short sword       |     3 |    10 ||    13
Throw: Stone             |     5 |    16 ||    21
 Cast: Freeze            |    77 |    28 ||   105
       Ozocubu's Armour  |       |     5 ||     5
  Use: Scroll            |     4 |     1 ||     5
 Stab: Sleeping          |       |     1 ||     1
Armor: Robe              |     6 |    10 ||    16
Dodge: Dodged            |    26 |    20 ||    46
